 Dungeon Crawl Stone Soup version 0.30-a0-341-g682706514a (webtiles) character file.

Game seed: 7129488766005146183

38 lunkers the Cutter (level 3, -2/31 HPs)
             Began as a Meteoran Fighter on Nov 1, 2022.
             Slain by a gnoll
             ... wielding a +0 flail
              (3 damage)
             ... on level 1 of the Dungeon.
             The game lasted 00:00:58 (481 turns).

lunkers the Cutter (Meteoran Fighter)                Turns: 481, Time: 00:00:59

Health: -2/31      AC:  6    Str: 19    XL:     3   Next: 91%
Magic:  4/4        EV:  9    Int:  9    God:
Gold:   66         SH:  5    Dex: 14    Spells: 2/2 levels left

rFire   . . .      SeeInvis .    a - +0 rapier
rCold   . . .      Faith    .    c - +0 buckler
rNeg    . . .      Spirit   .    b - +0 scale mail
rPois   .          Reflect  .    (no helmet)
rElec   .          Harm     .    (no cloak)
rCorr   .          Rampage  .    (no gloves)
Will    .....                    (no boots)
Stlth   ..........               (no amulet)
HPRegen 0.25/turn                (no ring)
MPRegen 0.09/turn                (no ring)

@: glowing
A: sense surroundings 1, otherworldly, glowing, explore regen
a: no special abilities


You were on level 1 of the Dungeon.
You visited 1 branch of the dungeon, and saw 2 of its levels.

You collected 66 gold pieces.

Inventory:

Hand Weapons
 a - a +0 rapier (weapon)
Missiles
 g - an atropa-tipped dart
Armour
 b - a +0 scale mail (worn)
 c - a +0 buckler (worn)
Scrolls
 e - 2 scrolls of identify {unknown}
 h - a scroll of immolation {unknown}
Potions
 d - a potion of might
 f - a potion of attraction {unknown}
 i - 2 potions of curing {unknown}
 j - a potion of lignification {unknown}


   Skills:
 - Level 3.2 Fighting
 + Level 4.1 Short Blades
 - Level 3.6 Armour
 - Level 3.6 Shields


You had 2 spell levels left.
You didn't know any spells.
Your spell library contained the following spells:

 Spells                   Type           Power      Damage    Failure   Level
 Kiss of Death            Conj/Necr      0%         2d5       83%         1
 Slow                     Hex            0%         N/A       83%         1
 Confusing Touch          Hex            0%         N/A       99%         3
 Vampiric Draining        Necr           0%         2d6       99%         3
 Dispel Undead            Necr           0%         3d6       100%        4


Dungeon Overview and Level Annotations

Branches:
Dungeon (2/15) Zot: 712

Altars:


Innate Abilities, Weirdness & Mutations

You passively map a small area around you.
You are easily found by Zot.
You glow in the dark.
You regain HP and MP as you explore.


Message History

There is a stone staircase leading down here.
You see here a +0 robe.
As you open the door, it creaks loudly!
Found 11 gold pieces.
A bat comes into view.
The bat moves out of view.
There is an open door here.
You block the bat's attack.
You puncture the bat!
You kill the bat!
You now have 59 gold pieces (gained 11).
You see here a bat corpse.
Clearing quiver.
i - 2 cyan potions (gained 1)
You see here a rat corpse.
j - a glowing inky potion You now have 66 gold pieces (gained 7).
(D) Dungeon
Where to? (Enter - D:2, ? - help)
What level of the Dungeon? (default 1, ? - help)
There is a stone staircase leading down here.
You climb downwards.
The gnoll hits you with a +0 club. The gnoll hits you with a +0 flail!
The gnoll barely misses you.
There is a stone staircase leading up, spattered with blood here.
The gnoll barely misses you. The gnoll hits you with a +0 flail!
* * * LOW HITPOINT WARNING * * *
The gnoll hits you but does no damage.
You climb upwards.
There is a stone staircase leading down here.
The gnoll attacks as you move away! The gnoll hits you with a +0 club.
* * * LOW HITPOINT WARNING * * *
The gnoll barely misses you. The gnoll attacks as you move away!
The gnoll hits you with a +0 club.
* * * LOW HITPOINT WARNING * * *
The gnoll attacks as you move away! The gnoll hits you with a +0 club.
* * * LOW HITPOINT WARNING * * *
The gnoll attacks as you move away! The gnoll hits you with a +0 club.
* * * LOW HITPOINT WARNING * * *
The gnoll attacks as you move away! The gnoll hits you with a +0 flail.
You die...

#.....###.######.# #...#
#......†......##.###########
#......######..[.......#
#......######...#####..#####
###.##......>...# #.......
#.##.###...)..# #..#####
#.##.###g##...# #..#
#.......g##...###*#.##
####)...g@....... ..#
##################


You could see 3 gnolls.

Vanquished Creatures
  2 gnolls (D:1)
  5 ball pythons (D:1)
  An endoplasm (D:1)
  2 goblins (D:1)
  3 hobgoblins (D:1)
  2 kobolds (D:1)
  2 bats (D:1)
  A rat (D:1)
18 creatures vanquished.

Notes
Turn   | Place    | Note
-------+----------+-------------------------------------------
     0 | D:1      | lunkers the Meteoran Fighter began the quest for the Orb.
     0 | D:1      | Reached XP level 1. HP: 19/19 MP: 2/2
    69 | D:1      | Reached XP level 2. HP: 22/26 MP: 3/3
    89 | D:1      | Reached skill level 3 in Short Blades
   145 | D:1      | Reached XP level 3. HP: 16/31 MP: 4/4
   362 | D:1      | Reached skill level 4 in Short Blades
   481 | D:1      | HP: 1/31 [gnoll/+0 club (2)]
   481 | D:1      | Slain by a gnoll

Illustrated notes

Levels and vault maps discovered:
D:1:      mushboom_english_gardens, layout_loops_corners
D:2:      layout_rooms, basic_ecumenical_altar, serial_shops,
          nicolae_shop_waterfront, minmay_goblin_outpost

Skill      XL: |  1  2  3 |
---------------+----------+-----
Short Blades   | 3 4 |  4.1
Fighting       | |  3.2
Armour         | |  3.6
Shields        | |  3.6

Action                   || total
-------------------------++-------
Melee: Rapier            ||    61
Throw: Stone             ||    10
       Dart              ||     2
 Stab: Invisible         ||     1
Armor: Scale mail        ||    17
Dodge: Dodged            ||    20
Block: Buckler           ||    12

Table legend: (Time is in decaauts)
 A = Elapsed time spent in this place.
 B = Non-inter-level travel time spent in this place.
 C = Inter-level travel time spent in this place.
 D = Time resting spent in this place.
 E = Time spent auto-exploring this place.
 F = Levels seen in this place.
 G = Mean time per level.
                   A        B        C        D        E       F      G
               +--------+--------+--------+--------+--------+-----+--------+
         Total |    487 |    467 |     20 |      0 |    312 |   2 |  243.5 |
       Dungeon |    487 |    467 |     20 |      0 |    312 |   2 |  243.5 |
               +--------+--------+--------+--------+--------+-----+--------+

Top non-repeatable levels by time:
     D:1: 470 daAuts
     D:2: 16 daAuts
